 Dungeon Crawl Stone Soup version 0.30.1-1-g62c8e00024 (webtiles) character file.

Game seed: 5615980298885145707

55 Inchmeat the Trooper (level 3, 0/35 HPs)
             Began as an Armataur Gladiator on July 17, 2023.
             Slain by a gnoll
             ... wielding a +0 flail
              (10 damage)
             ... on level 3 of the Dungeon.
             The game lasted 00:01:29 (1868 turns).

Inchmeat the Trooper (Armataur Gladiator)           Turns: 1868, Time: 00:01:30

Health: 0/35       AC:  5    Str: 21    XL:     3   Next: 67%
Magic:  3/3        EV:  9    Int:  8    God:
Gold:   154        SH:  0    Dex: 11    Spells: 2/2 levels left

rFire   . . .        a - +0 quarterstaff
rCold   + . .        (shield currently unavailable)
rNeg    . . .        b - +0 leather armour
rPois   .            c - +0 helmet
rElec   .            (no cloak)
rCorr   .            (no gloves)
SInv    .            (no barding)
Will    .....        h - amulet of magic regeneration
Stlth   +            f - ring of protection from cold
HPRegen 0.25/turn    (no ring)
MPRegen 0.48/turn

%: roll
@: no status effects
A: large, rugged brown scales 3, deformed body, armoured tail, roll, long
tongue, awkward tongue
a: no special abilities


You were on level 3 of the Dungeon.
You visited 1 branch of the dungeon, and saw 3 of its levels.

You collected 154 gold pieces.

Inventory:

Hand Weapons
 a - a +0 quarterstaff (weapon)
 w - a +0 trident
Missiles
 d - 3 throwing nets (quivered)
 e - a javelin
Armour
 b - a +0 leather armour (worn)
 c - a +0 helmet (worn)
Jewellery
 f - a ring of protection from cold (left hand)
 h - an amulet of magic regeneration (around neck)
 j - a ring of resist corrosion
 v - a ring of positive energy
Scrolls
 i - a scroll of fear {unknown}
 l - a scroll of immolation {unknown}
 m - 2 scrolls of identify {unknown}
 n - 2 scrolls of teleportation {unknown}
 o - 2 scrolls of noise {unknown}
 p - a scroll of magic mapping {unknown}
Potions
 g - 3 potions of ambrosia {unknown}
 k - a potion of heal wounds {unknown}
 q - a potion of brilliance {unknown}
 r - a potion of cancellation {unknown}
 s - a potion of curing {unknown}
 t - a potion of mutation {unknown}
 u - a potion of lignification {unknown}


   Skills:
 + Level 3.7 Fighting
 - Level 2.6 Staves
 - Level 1.7 Throwing
 - Level 2.1 Dodging


You had 2 spell levels left.
You didn't know any spells.
Your spell library was empty.

Dungeon Overview and Level Annotations

Branches:
Dungeon (3/15)

Altars:

Shops:
D:1 [


Innate Abilities, Weirdness & Mutations

You are completely covered in rugged brown scales. (AC +3, +7% HP)
Armour fits poorly on your strangely shaped body.
You have a long armoured tail.
You roll when moving toward enemies. (Rampage)
Your long tongue fully drains potion bottles. (2x potion effects)
Your tongue gives you trouble enunciating. (1.5x scroll delay)


Message History

You see here a +0 trident.
w - a +0 trident A kobold comes into view.
It is wielding a +2 dagger of electrocution.
A kobold is nearby!
A kobold is nearby!
The kobold throws a stone.
The stone barely misses you.
You roll towards the kobold!
You hit the kobold but do no damage.
The kobold hits you with a +2 dagger of electrocution.
You are electrocuted!
You sock the kobold!
You kill the kobold!
No target in view!
No target in view!
No target in view!
HP restored.
You now have 154 gold pieces (gained 6).
Things that are here:
a +2 dagger of electrocution; 5 stones; a kobold corpse A gnoll comes into view.
It is wielding a +0 flail.
The gnoll shouts!
You hear a shout!
A gnoll comes into view.
It is wielding a +0 flail. 2 gnolls come into view.
The gnoll shouts!
A rat comes into view.
You roll towards the gnoll!
A kobold comes into view. It is wielding a +0 dagger.
The gnoll hits you with a +0 flail.
There are monsters nearby!
You barely miss the gnoll. The gnoll misses you.
The gnoll hits you with a +0 flail!
You hit the gnoll.
The gnoll is moderately wounded.
The gnoll hits you from afar with a +0 halberd!
The gnoll hits you with a +0 flail. x2
* * * LOW HITPOINT WARNING * * *
You are too injured to fight recklessly!
You are too injured to fight recklessly!
You are too injured to fight recklessly!
The gnoll attacks as you move away! The gnoll hits you with a +0 flail!
You die...

###########
#.........#
#......._.#
#.......<.#####
#......†..#....
#..............
#.........#####
#.......).#
#........@# #
...........g# ...
#.#.........#####.....
#+########..g.grK.....
#.####g...... #..#
.#..... #.... ## ....
#.... ... #...## ..


You could see 2 gnolls.

Vanquished Creatures
  2 worms
  3 endoplasms
  A giant cockroach (D:2)
  5 goblins
  2 hobgoblins
  8 jackals
  8 kobolds
  4 quokkas
  3 ball pythons (D:1)
  3 bats
  3 frilled lizards
  A rat (D:1)
43 creatures vanquished.

Notes
Turn   | Place    | Note
-------+----------+-------------------------------------------
     0 | D:1      | Inchmeat the Armataur Gladiator began the quest for the
                  | Orb.
     0 | D:1      | Reached XP level 1. HP: 18/18 MP: 1/1
    14 | D:1      | Found Libbuin's Armour Shop.
    75 | D:1      | Reached skill level 2 in Fighting
   146 | D:1      | Reached XP level 2. HP: 26/26 MP: 2/2
   374 | D:1      | Reached skill level 3 in Fighting
   934 | D:2      | Reached XP level 3. HP: 33/33 MP: 3/3
  1772 | D:3      | Found a faded altar of an unknown god.
  1868 | D:3      | Slain by a gnoll

Illustrated notes

Levels and vault maps discovered:
D:1:      minmay_arrival_stair_chambers, layout_loops_ring, serial_shops, shop,
          chequers_serial_rivers_room_a, minmay_tiny_reverse_x
D:2:      layout_loops_corners
D:3:      layout_rooms, mainiacjoe_overflow_six_doors_small,
          basic_ecumenical_altar, serial_shops, shop

Skill      XL: |  1  2 |
---------------+-------+-----
Fighting       | 2 3 |  3.7
Staves         | |  2.6
Throwing       | |  1.7
Dodging        | |  2.1

Action                     || total
---------------------------++-------
  Melee: Quarterstaff      ||   102
         Tailslap          ||     9
 Armour: Leather armour    ||    44
  Dodge: Dodged            ||    45
